 Dungeon Crawl Stone Soup version 0.23-a0-338-g8ff0b24 (webtiles) character file.

1170 Garbasso the Cudgeler (level 8, -3/78 HPs)
             Began as a Troll Monk on Oct 18, 2018.
             Slain by a slave (7 damage)
             ... led by Pikel
             ... on level 6 of the Dungeon.
             The game lasted 00:12:50 (4062 turns).

Garbasso the Cudgeler (Troll Monk)                  Turns: 4062, Time: 00:12:51

Health: -3/78      AC:  5    Str: 20    XL:     8   Next: 17%
Magic:  7/7        EV: 12    Int:  6    God:
Gold:   191        SH:  0    Dex: 14    Spells: 7/7 levels left

rFire    . . .     SeeInvis .   u - +0 flail (venom)
rCold    . . .     Gourm    +   (no shield)
rNeg     . . .     Faith    .   b - +0 robe
rPois    .         Spirit   .   (helmet restricted)
rElec    .         Reflect  .   (no cloak)
rCorr    .         Harm     .   (gloves unavailable)
MR       .....                  (boots unavailable)
Stlth    ++........             (no amulet)
HPRegen  0.63/turn              f - ring of flight
MPRegen  0.10/turn              (no ring)

@: no status effects
A: large, unfitting armour, claws 3, fast metabolism 3, gourmand, regeneration
1, shaggy fur 1, tough skin 2
a: Evoke Flight


You were on level 6 of the Dungeon.
You were very full.

You visited 1 branch of the dungeon, and saw 6 of its levels.

You collected 191 gold pieces.

Inventory:

Hand Weapons
 j - a +0 giant spiked club
 u - a +0 flail of venom (weapon)
 v - a +0 giant club
Missiles
 i - 105 stones (quivered)
 m - 3 tomahawks
Armour
 b - a +0 robe (worn)
Jewellery
 f - a ring of flight (left claw)
Wands
 r - a wand of scattershot (1)
 x - a wand of digging (14)
Scrolls
 k - a scroll of fog
 n - 2 scrolls of remove curse
 o - 2 scrolls of blinking
Potions
 a - 2 potions of heal wounds
 e - a potion of brilliance {unknown}
 g - 2 potions of agility
 h - 4 potions of haste
 l - a potion of lignification {unknown}
 p - a potion of berserk rage {unknown}
 q - a potion of magic {unknown}
 t - a potion of might {unknown}
 w - a potion of degeneration {unknown}
Comestibles
 c - 11 rations


   Skills:
 + Level 4.2 Fighting
 * Level 7.4 Maces & Flails
 + Level 4.3 Dodging
 - Level 1.0 Stealth


You had 7 spell levels left.
You didn't know any spells.
Your spell library was empty.

Dungeon Overview and Level Annotations

Branches:
Dungeon (6/15)
 Temple: D:4-7

Altars:
Gozag
Vehumet
Wu Jian

Shops:
D:4 [

Annotations:
D:3 1 runed door, kirsanium's ghost, novice VSBe
D:6 Pikel


Innate Abilities, Weirdness & Mutations

You are too large for most types of armour.
You have claws for hands.
Your metabolism is lightning-fast.
You like to eat raw meat.
Your natural rate of healing is unusually fast.
You are covered in fur. (AC +1)
You have very tough skin. (AC +2)


Message History

The slave closely misses you. The slave hits you.
Pikel hits you but does no damage. The slave misses you.
You barely miss Pikel.
Pikel is almost dead.
The slave closely misses you. The slave barely misses you.
Pikel hits you with a +0 whip of electrocution.
The slave hits you!
* * * LOW HITPOINT WARNING * * *
You closely miss Pikel.
Pikel is almost dead.
The slave barely misses you. The slave hits you.
* * * LOW HITPOINT WARNING * * *
Pikel hits you with a +0 whip of electrocution.
* * * LOW HITPOINT WARNING * * *
The slave hits you.
* * * LOW HITPOINT WARNING * * *
You closely miss Pikel.
Pikel is almost dead.
The slave barely misses you. The slave hits you!
You die...

#........ #.... #........
#....##+####........
#..........#.........
#..........#.........
#..........#........
#....##....#p.......
#....##^...#@....####+###.
#..........ppK...+........
#....##....#a....#........
#....##....#.....#........
#####'##....+.....#........
#......#....#.....#p....#
#......#....#.....#.a...##
#......#....#.....'a.....+
#...>..#....#.....#.....##


You could see Pikel, 3 slaves and a worker ant.

Vanquished Creatures
  Sigmund (D:2)
  A slave (D:5)
  A sky beast (D:5)
  2 ogres
  2 scorpions
  A crimson imp (D:5)
  3 hounds (D:5)
  6 orc wizards
  A bullfrog skeleton (D:5)
  3 worker ants
  A worker ant zombie (D:5)
  4 gnolls
  5 adders
  A shadow imp (D:5)
  2 oozes
  An adder skeleton (D:5)
  3 worms
  A dart slug (D:1)
  6 leopard geckos
  21 orcs
  3 ball pythons
  6 giant cockroaches
  8 goblins
  5 hobgoblins
  18 jackals
  4 quokkas
  3 bats
  3 frilled lizards
  3 kobolds
  A leopard gecko skeleton (D:4)
  6 rats
126 creatures vanquished.

Notes
Turn   | Place    | Note
-------+----------+-------------------------------------------
     0 | D:1      | Garbasso the Troll Monk began the quest for the Orb.
     0 | D:1      | Reached XP level 1. HP: 22/22 MP: 0/0
    89 | D:1      | Reached skill level 3 in Maces & Flails
    89 | D:1      | Reached XP level 2. HP: 26/29 MP: 1/1
   281 | D:1      | Reached XP level 3. HP: 21/36 MP: 2/2
   870 | D:2      | Found an ornate altar of the Wu Jian Council.
   944 | D:2      | Reached XP level 4. HP: 44/44 MP: 3/3
  1087 | D:2      | Reached skill level 4 in Maces & Flails
  1255 | D:2      | Noticed Sigmund
  1265 | D:2      | Killed Sigmund
  1265 | D:2      | Reached skill level 5 in Maces & Flails
  1265 | D:2      | Reached XP level 5. HP: 49/52 MP: 4/4
  1359 | D:3      | Found a radiant altar of Vehumet.
  1410 | D:3      | Found an opulent altar of Gozag.
  1487 | D:3      | Reached XP level 6. HP: 59/59 MP: 5/5
  2018 | D:3      | Found a runed door.
  2048 | D:3      | Noticed kirsanium's ghost (novice VSBe)
  2382 | D:4      | Found Taf Goo's Armour Boutique.
  2398 | D:4      | Reached skill level 6 in Maces & Flails
  2471 | D:4      | Reached XP level 7. HP: 42/67 MP: 6/6
  3092 | D:5      | Entered Level 5 of the Dungeon
  3430 | D:5      | Reached skill level 7 in Maces & Flails
  3483 | D:5      | Reached XP level 8. HP: 73/78 MP: 7/7
  3948 | D:6      | Noticed Pikel
  4061 | D:6      | HP: 3/78 [slave[Pikel] (6)]
  4062 | D:6      | Slain by a slave

Vault maps used:
D:1:      dpeg_arrival_arbitrary_b, minmay_misc_feat_rows
D:2:      old_standard_altar, uniq_sigmund
D:3:      grunt_gozag_statues, lemuel_round_altar, ebering_ghost_reflecting_pool
D:4:      serial_shops, nicolae_shop_trees
D:5:      first_ration
D:6:      ebering_ghost_rock_garden, kennysheep_small_spiral, centaur_isle,
          uniq_pikel

Skill      XL: |  1  2  3  4  5  6  7 |
---------------+----------------------+-----
Maces & Flails | 3 5 6 7 |  7.4
Dodging        | 3 4 |  4.3
Fighting       | 3 4 |  4.2
Stealth        | |  1.0

Action                   |  1- 3 |  4- 6 |  7- 9 || total
-------------------------+-------+-------+-------++-------
Melee: Mace              |   155 |    51 |       ||   206
       Flail             |       |    68 |   159 ||   227
       Morningstar       |       |    63 |       ||    63
       Giant club        |       |       |    11 ||    11
Throw: Stone             |       |    10 |       ||    10
  Use: Scroll            |       |       |     9 ||     9
 Stab: Sleeping          |     2 |     3 |     3 ||     8
       Distracted        |       |       |     1 ||     1
  Eat: Chunk             |    15 |    14 |    13 ||    42
Armor: Robe              |    96 |    51 |    49 ||   196
Dodge: Dodged            |   139 |    94 |   113 ||   346

Table legend:
 A = Non-vault XP
 B = Vault XP
 C = Vault XP percentage of total XP
 D = Non-vault monster count
 E = Vault monster count
 F = Vault count percentage of total count
                 A         B        C        D         E       F
            +---------+---------+-------+---------+---------+-------
      Total |    1445 |     227 |  13.6 |     124 |       1 |   0.8
            +---------+---------+-------+---------+---------+-------
        D:1 |      82 |       0 |   0.0 |      35 |       0 |   0.0
        D:2 |      55 |     227 |  80.5 |      23 |       1 |   4.2
        D:3 |     140 |       0 |   0.0 |      15 |       0 |   0.0
        D:4 |     486 |       0 |   0.0 |      28 |       0 |   0.0
        D:5 |     646 |       0 |   0.0 |      22 |       0 |   0.0
        D:6 |      36 |       0 |   0.0 |       1 |       0 |   0.0
            +---------+---------+-------+---------+---------+-------
